 Dungeon Crawl Stone Soup version 0.28.0-53-g5a82cb258f (webtiles) character file.

Game seed: 5401624106453491470

83 Peloso the Covered (level 4, 0/41 HPs)
             Began as a Minotaur Fighter on July 8, 2022.
             Succumbed to an adder's poison
             ... on level 2 of the Dungeon.
             The game lasted 00:02:35 (1702 turns).

Peloso the Covered (Minotaur Fighter)               Turns: 1702, Time: 00:02:35

Health: 0/41       AC:  7    Str: 20    XL:     4   Next: 22%
Magic:  3/3        EV:  9    Int:  5    God:
Gold:   127        SH:  5    Dex: 12    Spells: 3/3 levels left

rFire   . . .      SeeInvis .   a - +0 long sword
rCold   . . .      Faith    .   c - +0 buckler
rNeg    . . .      Spirit   .   b - +0 scale mail
rPois   .          Reflect  .   (helmet restricted)
rElec   .          Harm     .   (no cloak)
rCorr   .          Rampage  .   (no gloves)
Will    .....                   (no boots)
Stlth   ..........              (no amulet)
HPRegen 0.13/turn               (no ring)
MPRegen 0.08/turn               (no ring)

@: lethally poisoned (0 -> -1)
A: horns 2, retaliatory headbutt
a: no special abilities


You were on level 2 of the Dungeon.
You visited 1 branch of the dungeon, and saw 2 of its levels.

You collected 127 gold pieces.

Inventory:

Hand Weapons
 a - a +0 long sword (weapon)
Armour
 b - a +0 scale mail (worn)
 c - a +0 buckler (worn)
Scrolls
 e - 2 scrolls of blinking
 g - a scroll of identify
 i - 2 scrolls of teleportation
Potions
 d - 2 potions of might
 f - a potion of degeneration {unknown}
 j - a potion of mutation {unknown}


   Skills:
 + Level 4.3 Fighting
 + Level 3.4 Long Blades
 + Level 4.5 Armour
 + Level 0.9 Dodging
 + Level 0.2 Stealth
 + Level 4.0 Shields


You had 3 spell levels left.
You didn't know any spells.
Your spell library was empty.

Dungeon Overview and Level Annotations

Branches:
Dungeon (2/15)

Altars:
Elyvilon


Innate Abilities, Weirdness & Mutations

You have a pair of horns on your head.
You reflexively headbutt those who attack you in melee.


Message History

* * * LOW HITPOINT WARNING * * *
You feel sick.
You feel sick. The adder barely misses you.
You feel sick.
You are no longer poisoned.
The adder barely misses you. You block the adder's attack.
You block the adder's attack. The adder bites you but does no damage.
The adder bites you.
* * * LOW HITPOINT WARNING * * *
You see here a +0 dagger.
You block the adder's attack. The adder bites you but does no damage.
You feel much better. You block the adder's attack.
You hit the adder. You headbutt the adder!
The adder is almost dead.
You block the gnoll's attack. The adder bites you but does no damage.
The gnoll barely misses you. The adder bites you.
You are poisoned.
The adder poisons you!
You barely miss the adder.
The adder is almost dead.
You feel sick. You block the adder's attack. The gnoll closely misses you.
You barely miss the adder. Your headbutt misses the adder.
The adder is almost dead.
You feel sick. You block the adder's attack.
The gnoll hits you from afar with a +0 halberd!
The adder bites you.
You barely miss the adder.
The adder is almost dead.
You feel sick.
The gnoll hits you from afar with a +0 halberd.
The adder closely misses you.
You slash the adder!
You kill the adder!
You feel sick.
The gnoll hits you from afar with a +0 halberd!
* * * LOW HITPOINT WARNING * * *
You die...

..# #.#.#......##.#.#
#†#####.#.#########.#.#
..............# #.#.#
#.#####.#.###.# #...#
#.# #.#>###.# ######
#.# #.......# #<...#
#.## ###.##### ####.#
#..# #.###########.#
##.## #....).g@.....#
#..# #.#############
##.# #.# ##.#####.#
#........# #.#.####.#
#'#..# #.# ....#.# #.#
....#)##


You could see a gnoll.

Vanquished Creatures
  2 adders (D:2)
  2 gnolls (D:2)
  A worm (D:2)
  5 endoplasms
  4 giant cockroaches
  A goblin (D:2)
  6 hobgoblins
  4 kobolds
  3 quokkas
  3 ball pythons
  2 bats
  2 frilled lizards
  8 rats
43 creatures vanquished.

Notes
Turn   | Place    | Note
-------+----------+-------------------------------------------
     0 | D:1      | Peloso the Minotaur Fighter began the quest for the Orb.
     0 | D:1      | Reached XP level 1. HP: 19/19 MP: 0/0
   228 | D:1      | Reached XP level 2. HP: 21/27 MP: 1/1
   552 | D:1      | Found a faded altar of an unknown god.
  1165 | D:2      | Reached XP level 3. HP: 30/33 MP: 2/2
  1279 | D:2      | Found a white marble altar of Elyvilon.
  1666 | D:2      | Reached XP level 4. HP: 10/40 MP: 3/3
  1671 | D:2      | HP: 2/40 [poisoned by an adder]
  1688 | D:2      | HP: 1/40 [adder (3)]
  1701 | D:2      | HP: 1/40 [gnoll/+0 halberd (12)]
  1702 | D:2      | Succumbed to an adder's poison

Illustrated notes

Levels and vault maps discovered:
D:1:      dpeg_arrival_tiny_i, layout_basic, chequers_ecumenical_altar_island
D:2:      layout_basic, basic_altar

Skill      XL: |  1  2  3 |
---------------+----------+-----
Armour         | 4 |  4.5
Fighting       | 4 |  4.3
Shields        | 4 |  4.0
Long Blades    | 3 |  3.4
Dodging        | |  0.9
Stealth        | |  0.2

Action                   |  1- 3 |  4- 6 || total
-------------------------+-------+-------++-------
Melee: Long sword        |    89 |     5 ||    94
       Headbutt          |     9 |     1 ||    10
  Use: Scroll            |     3 |       ||     3
       Potion            |     2 |     1 ||     3
Armor: Scale mail        |    34 |     3 ||    37
Dodge: Dodged            |    37 |     5 ||    42
Block: Buckler           |    17 |     7 ||    24
